%YAML 1.1
%TAG !u! tag:unity3d.com,2011:
--- !u!1 &598649511793674041
GameObject:
  m_ObjectHideFlags: 0
  m_CorrespondingSourceObject: {fileID: 8845975409433573576, guid: 73ed61d086a08c04d8e2124bb62926d0, type: 3}
  m_PrefabInstance: {fileID: 3443070225199680130}
  m_PrefabAsset: {fileID: 0}
  serializedVersion: 6
  m_Component:
  - component: {fileID: 7949852225081719746}
  - component: {fileID: 8812538944821176453}
  - component: {fileID: 5557111298700732162}
  - component: {fileID: 1288993551646062327}
  m_Layer: 0
  m_Name: Rock1A
  m_TagString: Object
  m_Icon: {fileID: 0}
  m_NavMeshLayer: 0
  m_StaticEditorFlags: 0
  m_IsActive: 1
--- !u!4 &7949852225081719746
Transform:
  m_ObjectHideFlags: 0
  m_CorrespondingSourceObject: {fileID: 2080222338172093491, guid: 73ed61d086a08c04d8e2124bb62926d0, type: 3}
  m_PrefabInstance: {fileID: 3443070225199680130}
  m_PrefabAsset: {fileID: 0}
  m_GameObject: {fileID: 598649511793674041}
  serializedVersion: 2
  m_LocalRotation: {x: -0, y: 0.6501547, z: -0, w: 0.7598019}
  m_LocalPosition: {x: -10.76, y: -56.31, z: -55.2}
  m_LocalScale: {x: 1.0981791, y: 1.27433, z: 1.0981793}
  m_ConstrainProportionsScale: 0
  m_Children: []
  m_Father: {fileID: 0}
  m_LocalEulerAnglesHint: {x: 0, y: 81.107, z: 0}
--- !u!33 &8812538944821176453
MeshFilter:
  m_ObjectHideFlags: 0
  m_CorrespondingSourceObject: {fileID: 630941767319951220, guid: 73ed61d086a08c04d8e2124bb62926d0, type: 3}
  m_PrefabInstance: {fileID: 3443070225199680130}
  m_PrefabAsset: {fileID: 0}
  m_GameObject: {fileID: 598649511793674041}
  m_Mesh: {fileID: 4300000, guid: dfb9706df9ac8264ebf1e58976096256, type: 3}
--- !u!23 &5557111298700732162
MeshRenderer:
  m_ObjectHideFlags: 0
  m_CorrespondingSourceObject: {fileID: 4581058039637956851, guid: 73ed61d086a08c04d8e2124bb62926d0, type: 3}
  m_PrefabInstance: {fileID: 3443070225199680130}
  m_PrefabAsset: {fileID: 0}
  m_GameObject: {fileID: 598649511793674041}
  m_Enabled: 1
  m_CastShadows: 1
  m_ReceiveShadows: 1
  m_DynamicOccludee: 1
  m_StaticShadowCaster: 0
  m_MotionVectors: 1
  m_LightProbeUsage: 0
  m_ReflectionProbeUsage: 1
  m_RayTracingMode: 2
  m_RayTraceProcedural: 0
  m_RenderingLayerMask: 1
  m_RendererPriority: 0
  m_Materials:
  - {fileID: 2100000, guid: 3501b3c43e42cb742bee51c3354f081f, type: 2}
  m_StaticBatchInfo:
    firstSubMesh: 0
    subMeshCount: 0
  m_StaticBatchRoot: {fileID: 0}
  m_ProbeAnchor: {fileID: 0}
  m_LightProbeVolumeOverride: {fileID: 0}
  m_ScaleInLightmap: 1
  m_ReceiveGI: 1
  m_PreserveUVs: 0
  m_IgnoreNormalsForChartDetection: 0
  m_ImportantGI: 0
  m_StitchLightmapSeams: 1
  m_SelectedEditorRenderState: 3
  m_MinimumChartSize: 4
  m_AutoUVMaxDistance: 0.5
  m_AutoUVMaxAngle: 89
  m_LightmapParameters: {fileID: 0}
  m_SortingLayerID: 0
  m_SortingLayer: 0
  m_SortingOrder: 0
  m_AdditionalVertexStreams: {fileID: 0}
--- !u!64 &1288993551646062327
MeshCollider:
  m_ObjectHideFlags: 0
  m_CorrespondingSourceObject: {fileID: 7164821859658975494, guid: 73ed61d086a08c04d8e2124bb62926d0, type: 3}
  m_PrefabInstance: {fileID: 3443070225199680130}
  m_PrefabAsset: {fileID: 0}
  m_GameObject: {fileID: 598649511793674041}
  m_Material: {fileID: 0}
  m_IncludeLayers:
    serializedVersion: 2
    m_Bits: 0
  m_ExcludeLayers:
    serializedVersion: 2
    m_Bits: 0
  m_LayerOverridePriority: 0
  m_IsTrigger: 0
  m_ProvidesContacts: 0
  m_Enabled: 1
  serializedVersion: 5
  m_Convex: 0
  m_CookingOptions: 30
  m_Mesh: {fileID: 4300000, guid: dfb9706df9ac8264ebf1e58976096256, type: 3}
--- !u!1001 &3443070225199680130
PrefabInstance:
  m_ObjectHideFlags: 0
  serializedVersion: 2
  m_Modification:
    serializedVersion: 3
    m_TransformParent: {fileID: 0}
    m_Modifications:
    - target: {fileID: 2080222338172093491, guid: 73ed61d086a08c04d8e2124bb62926d0, type: 3}
      propertyPath: m_LocalPosition.x
      value: -10.76
      objectReference: {fileID: 0}
    - target: {fileID: 2080222338172093491, guid: 73ed61d086a08c04d8e2124bb62926d0, type: 3}
      propertyPath: m_LocalPosition.y
      value: -56.31
      objectReference: {fileID: 0}
    - target: {fileID: 2080222338172093491, guid: 73ed61d086a08c04d8e2124bb62926d0, type: 3}
      propertyPath: m_LocalPosition.z
      value: -55.2
      objectReference: {fileID: 0}
    - target: {fileID: 2080222338172093491, guid: 73ed61d086a08c04d8e2124bb62926d0, type: 3}
      propertyPath: m_LocalRotation.w
      value: 0.7598019
      objectReference: {fileID: 0}
    - target: {fileID: 2080222338172093491, guid: 73ed61d086a08c04d8e2124bb62926d0, type: 3}
      propertyPath: m_LocalRotation.x
      value: -0
      objectReference: {fileID: 0}
    - target: {fileID: 2080222338172093491, guid: 73ed61d086a08c04d8e2124bb62926d0, type: 3}
      propertyPath: m_LocalRotation.y
      value: 0.6501547
      objectReference: {fileID: 0}
    - target: {fileID: 2080222338172093491, guid: 73ed61d086a08c04d8e2124bb62926d0, type: 3}
      propertyPath: m_LocalRotation.z
      value: -0
      objectReference: {fileID: 0}
    - target: {fileID: 2080222338172093491, guid: 73ed61d086a08c04d8e2124bb62926d0, type: 3}
      propertyPath: m_LocalEulerAnglesHint.x
      value: 0
      objectReference: {fileID: 0}
    - target: {fileID: 2080222338172093491, guid: 73ed61d086a08c04d8e2124bb62926d0, type: 3}
      propertyPath: m_LocalEulerAnglesHint.y
      value: 81.107
      objectReference: {fileID: 0}
    - target: {fileID: 2080222338172093491, guid: 73ed61d086a08c04d8e2124bb62926d0, type: 3}
      propertyPath: m_LocalEulerAnglesHint.z
      value: 0
      objectReference: {fileID: 0}
    - target: {fileID: 8845975409433573576, guid: 73ed61d086a08c04d8e2124bb62926d0, type: 3}
      propertyPath: m_Name
      value: Rock1A
      objectReference: {fileID: 0}
    m_RemovedComponents: []
    m_RemovedGameObjects: []
    m_AddedGameObjects: []
    m_AddedComponents: []
  m_SourcePrefab: {fileID: 100100000, guid: 73ed61d086a08c04d8e2124bb62926d0, type: 3}
